 Dungeon Crawl Stone Soup version 0.19.4-8-ga85b6b9 (webtiles) character file.

2732 equalderp2856 the Gouger (level 9, -13/39 HPs)
             Began as a Felid Fighter on Feb 14, 2017.
             Killed by divine providence
             ... invoked by a meliai
              (15 damage)
             ... on level 11 of the Dungeon.
             The game lasted 01:18:08 (22980 turns).

equalderp2856 the Gouger (Felid Fighter)           Turns: 22980, Time: 01:18:09

Health: -13/39     AC:  7    Str: 13    XL:     9   Next: 40%
Magic:  15/15      EV: 26    Int: 11    God:
Gold:   432        SH:  0    Dex: 17    Spells: 1 memorised, 13 levels left
                                        Lives:  0   Deaths: 2

rFire  . . .     SeeInvis +       - Unarmed
rCold  . . .     Gourm    .     (armour unavailable)
rNeg   . . .     Faith    .     (shield unavailable)
rPois  .         Spirit   .     (helmet unavailable)
rElec  .         Reflect  .     (cloak unavailable)
rCorr  .         Harm     .     (gloves unavailable)
MR     +....                    (boots unavailable)
Stlth  ++++......               (no amulet)
                                B - ring of flight
                                o - +5 ring of protection

@: quick
A: no armour, no weapons or thrown items, stealth, claws 1, fangs 3, see
invisible, carnivore 3, speed 1, shaggy fur 2, slow metabolism 1, sharp paws
a: Evoke Flight


You were on level 11 of the Dungeon.
You were not hungry.

You visited 2 branches of the dungeon, and saw 12 of its levels.

You collected 432 gold pieces.

Inventory:

Missiles
 i - 249 arrows
 r - 90 bolts
 v - 18 poisoned needles
Jewellery
 o - a +5 ring of protection (left paw)
 s - an uncursed ring of protection from cold
 x - an uncursed ring of resist corrosion
 B - a ring of flight (right paw)
 L - an uncursed amulet of harm
Wands
 j - a wand of lightning (5/15)
 l - a wand of random effects (28/48)
 w - a wand of polymorph (13/24)
 C - a wand of confusion (31/48)
 N - a wand of acid (12/15)
Scrolls
 c - 10 scrolls of identify
 f - 5 scrolls of teleportation
 m - 7 scrolls of remove curse
 u - 2 scrolls of enchant armour
 z - a scroll of recharging
 D - 2 scrolls of noise
 G - a scroll of magic mapping {unknown}
 I - a scroll of holy word {unknown}
 J - a scroll of vulnerability {unknown}
 M - a scroll of enchant weapon {unknown}
Potions
 a - 3 potions of might
 e - a potion of haste
 h - a potion of lignification
 k - a potion of mutation
 n - a potion of invisibility
 p - 3 potions of agility
 t - a potion of magic
 K - a potion of brilliance
Books
 y - a book of Changes

   Spells                             Type                      Level
   a - Beastly Appendage              Transmutation                1
   b - Sticks to Snakes               Transmutation                2
   c - Spider Form                    Transmutation/Poison         3
   d - Ice Form                       Ice/Transmutation            4
   e - Blade Hands                    Transmutation                5
Miscellaneous
 H - a sack of spiders
Comestibles
 b - 7 meat rations
 d - 7 slices of pizza
 g - 5 beef jerkies
 A - 7 bread rations
 E - a royal jelly
 F - 4 fruits


   Skills:
 + Level 4.4 Fighting
 + Level 10.7 Dodging
 + Level 8.3 Stealth
 + Level 12.7 Unarmed Combat
 + Level 3.9 Spellcasting
 + Level 2.2 Transmutations


You had 13 spell levels left.
You knew the following spells:

 Your Spells              Type           Power        Failure   Level  Hunger
a - Sticks to Snakes      Tmut           #.......     17%         2    ##.....


Dungeon Overview and Level Annotations

Branches:
Dungeon (11/15)            Temple (1/1) D:5
   Lair: D:8-11         Orc: D:9-12

Altars:
Ashenzari
Cheibriados
Dithmenos
Elyvilon
Fedhas
Gozag
Hepliaklqana
Kikubaaqudgha
Makhleb
Nemelex Xobeh
Okawaru
Qazlal
Ru
Sif Muna
Trog
Uskayaw
Vehumet
Xom
Yredelemnul
Zin
The Shining One

Shops:
D:11 !

Annotations:
D:11 Harold


Innate Abilities, Weirdness & Mutations

You cannot wear armour.
You are incapable of wielding weapons or throwing items.
Your paws allow you to move quietly. (Stealth)
You have sharp claws.
You have razor-sharp teeth.
You have supernaturally acute eyesight. (SInv)
You are carnivorous and can eat meat at any time.
You cover ground quickly.
You are covered in thick fur. (AC +2)
You have a slow metabolism.
Your sharp claws are effective at attacking unaware monsters.


Message History

You shred the net and break free!
The meliai buzzes angrily.
The meliai hits you with a hand axe. The meliai completely misses you.
Harold points at you and mumbles some strange words.
The bolt of fire misses you.
The meliai buzzes angrily.
The meliai completely misses you. x2
The meliai barely misses you. The meliai completely misses you.
The six-headed hydra roars!
The meliai closely misses you. The meliai completely misses you. x2
The meliai misses you.
The meliai buzzes angrily.
The meliai calls down the wrath of its god upon you.
Something smites you!
* * * LOW HITPOINT WARNING * * *
Okay, then.
The meliai completely misses you. The meliai closely misses you.
The meliai calls down the wrath of its god upon you.
Something smites you!
You die...

.....#............Y.'....# #.
.....#..........Y...#....# #.
.....'.........uu..(u....#######.
######..(......Y#####............
................#.......$....u...
...............@#................
...#+##...D...yy#................
...#..##'##...y.######...#####...
...#......#.....@....#...#...+...
...#......#..........#.###...#...
...#......#..........###.....####
.).#......#...........<..........
..##......#.............<........
#...yD..#.............(........
..####y####......................
......y†..............((.........
.(...............................


You could see Harold, a six-headed hydra, a purple ugly thing, a yak and 3
meliai.

Vanquished Creatures
  An unseen horror (D:11)
  Joseph (D:8)
  A hornet (D:10)
  A two-headed ogre (D:10)
  2 hippogriffs
  Sigmund (D:5)
  A spriggan (D:8)
  A steam dragon (D:10)
  2 hungry ghosts (D:7)
  A water moccasin (D:7)
  3 orc warriors
  A black bear (D:8)
  A necrophage (D:10)
  5 phantoms
  4 ice beasts
  6 ogres
  6 centaurs
  6 big kobolds
  A gnoll sergeant (D:10)
  4 bullfrogs
  5 jellies
  5 killer bees
  3 wights (D:6)
  A howler monkey (D:4)
  7 crimson imps
  9 hounds
  2 orc priests
  A centaur skeleton (D:5)
  9 orc wizards
  8 iguanas
  6 worker ants
  A hound skeleton (D:7)
  A hound zombie (D:9)
  A worker ant zombie (D:5)
  15 adders
  4 gnolls (D:10)
  A howler monkey skeleton (D:9)
  4 shadow imps
  An ooze (D:2)
  An adder zombie (D:9)
  2 adder skeletons
  4 dart slugs
  9 leopard geckos
  38 orcs
  3 giant cockroaches
  6 goblins
  8 hobgoblins
  2 jackals (D:3)
  30 kobolds
  4 quokkas
  8 bats
  5 frilled lizards
  2 jackal zombies
  A leopard gecko skeleton (D:5)
  A quokka skeleton (D:8)
  2 quokka zombies
  4 rats
  2 butterflies (D:5)
265 creatures vanquished.

Vanquished Creatures (collateral kills)
  A necrophage (D:9)
1 creature vanquished.

Grand Total: 266 creatures vanquished

Notes
Turn   | Place    | Note
-------+----------+-------------------------------------------
     0 | D:1      | equalderp2856 the Felid Fighter began the quest for the Orb.
     0 | D:1      | Reached XP level 1. HP: 10/10 MP: 2/2
   768 | D:1      | Reached XP level 2. HP: 11/14 MP: 3/3
  1458 | D:2      | Reached XP level 3. HP: 17/17 MP: 4/4
  2065 | D:3      | Reached skill level 5 in Dodging
  2065 | D:3      | Reached XP level 4. HP: 13/21 MP: 5/5
  2326 | D:3      | Reached skill level 5 in Unarmed Combat
  2579 | D:3      | Reached skill level 1 in Stealth
  3895 | D:4      | Reached XP level 5. HP: 5/24 MP: 6/6
  4703 | D:4      | Gained mutation: You are covered in thick fur. (AC +2) [Felid growth]
  4703 | D:4      | Reached XP level 6. HP: 27/28 MP: 7/7
  4966 | D:4      | Found a deep blue altar of Sif Muna.
  4967 | D:4      | Found an ancient bone altar of Kikubaaqudgha.
  5089 | D:4      | Found a stormy altar of Qazlal.
  5363 | D:5      | Entered Level 5 of the Dungeon
  5363 | D:5      | Found a hazy altar of Hepliaklqana.
  5386 | D:5      | Reached skill level 6 in Unarmed Combat
  5846 | D:5      | Noticed Sigmund
  5967 | D:5      | Noticed an ice beast
  5980 | D:5      | Killed an ice beast
  6617 | D:5      | Killed Sigmund
  6617 | D:5      | Reached XP level 7. HP: 8/31 MP: 8/8
  7165 | D:5      | Found a staircase to the Ecumenical Temple.
  7202 | D:5      | Reached skill level 7 in Unarmed Combat
  8677 | D:5      | Reached skill level 8 in Unarmed Combat
  8997 | D:5      | Reached XP level 8. HP: 22/36 MP: 9/9
  9735 | D:6      | Found a shadowy altar of Dithmenos.
  9740 | D:6      | Reached skill level 5 in Stealth
 10197 | D:6      | Found a shattered altar of Ashenzari.
 10531 | D:7      | Reached skill level 9 in Unarmed Combat
 11214 | D:7      | Found a bloodstained altar of Trog.
 11215 | D:7      | Found a glowing silver altar of Zin.
 11215 | D:7      | Found an iron altar of Okawaru.
 11216 | D:7      | Found a snail-covered altar of Cheibriados.
 11291 | D:7      | Reached XP level 9. HP: 37/39 MP: 10/10
 11866 | D:7      | Learned a level 2 spell: Sticks to Snakes
 11896 | D:8      | Found an iron altar of Okawaru.
 11901 | D:8      | Reached skill level 10 in Unarmed Combat
 12615 | D:8      | Noticed Joseph
 12867 | D:8      | Reached skill level 1 in Spellcasting
 14390 | D:9      | Reached skill level 11 in Unarmed Combat
 14549 | D:9      | Noticed a troll
 14981 | D:8      | Gained mutation: Your spells are a little harder to cast, but a little more powerful. [potion of mutation]
 14981 | D:8      | Gained mutation: You are agile. (Dex +2) [potion of mutation]
 15000 | D:8      | Killed Joseph
 15317 | D:8      | Found a radiant altar of Vehumet.
 15439 | D:8      | Reached XP level 10. HP: 43/43 MP: 15/15
 16357 | D:10     | Entered Level 10 of the Dungeon
 16734 | D:8      | Slain by a killer bee
 16735 | D:8      | Reached XP level 9. HP: 0/39 MP: 14/14
 18475 | D:9      | Reached skill level 10 in Dodging
 19251 | D:9      | Reached skill level 12 in Unarmed Combat
 19889 | D:10     | Reached XP level 10. HP: 18/43 MP: 14/16
 20089 | D:10     | Noticed a six-headed hydra
 20926 | D:10     | Paralysed by a hornet for 2 turns
 20934 | D:10     | Reached skill level 1 in Transmutations
 21599 | Temple   | Entered the Ecumenical Temple
 22568 | D:11     | Found Cangoxoch's Distillery.
 22571 | D:11     | Noticed an unseen horror
 22649 | D:11     | Killed an unseen horror
 22664 | D:11     | Lost mutation: You are agile. (Dex +2) [potion of cure mutation]
 22664 | D:11     | Lost mutation: Your spells are a little harder to cast, but a little more powerful. [potion of cure mutation]
 22773 | D:11     | Noticed a six-headed hydra
 22879 | D:11     | HP: 2/43 [meliai/hand axe (8)]
 22879 | D:11     | Killed from afar by a meliai
 22880 | D:11     | Reached XP level 9. HP: -13/39 MP: 15/15
 22894 | D:11     | Noticed a purple ugly thing
 22895 | D:11     | Noticed a white ugly thing
 22963 | D:11     | Noticed Harold
 22980 | D:11     | Killed from afar by a meliai

Skill      XL: |  1  2  3  4  5  6  7  8  9 10 |
---------------+-------------------------------+-----
Dodging        | 5 6 7 8 10 | 10.7
Unarmed Combat | 5 6 8 9 12 | 12.7
Stealth        | 1 2 3 4 6 8 |  8.3
Fighting       | 4 |  4.4
Spellcasting   | 2 3 |  3.9
Transmutations | 2 |  2.2

Action                   |  1- 3 |  4- 6 |  7- 9 | 10-12 || total
-------------------------+-------+-------+-------+-------++-------
Melee: Unarmed           |   110 |   220 |   602 |   167 ||  1099
       Bite              |     5 |    17 |    75 |    18 ||   115
       Punch             |     1 |     9 |    31 |    10 ||    51
 Cast: Sticks to Snakes  |       |       |     1 |     8 ||     9
  Use: Scroll            |     1 |     7 |     1 |     1 ||    10
       Potion            |       |     2 |     9 |     4 ||    15
 Stab: Distracted        |     1 |       |     6 |     1 ||     8
       Sleeping          |       |     3 |     4 |     1 ||     8
       Invisible         |       |       |     3 |       ||     3
  Eat: Chunk             |     7 |    11 |    24 |     2 ||    44
       Pizza             |       |       |     2 |     2 ||     4
Armor: Skin              |     2 |     9 |    43 |    32 ||    86
Dodge: Dodged            |   108 |   191 |   484 |   236 ||  1019
